 Dungeon Crawl Stone Soup version 0.31-a0-963-ga325b2283a (webtiles) character file.

Game seed: 11924795171484767338

6955 Persephone the Spear-Bearer (level 10, 0/94 HPs)
             Began as a Minotaur Monk on Oct 24, 2023.
             Was a High Priest of Okawaru.
             Slain by a centaur warrior (12 damage)
             ... on level 9 of the Dungeon.
             The game lasted 00:14:18 (7665 turns).

Persephone the Spear-Bearer (Minotaur Monk)         Turns: 7665, Time: 00:14:18

Health: 0/94       AC:  8    Str: 20    XL:     10   Next: 80%
Magic:  9/9        EV: 15    Int:  7    God:    Okawaru [*****.]
Gold:   477        SH:  4    Dex: 16    Spells: 9/9 levels left

rFire   . . .        p - +1 trident (heavy)
rCold   . . .        k - +0 buckler
rNeg    + . .        j - +0 scale mail
rPois   +            w - +0 hat of Indomitability {rPois rN+}
rElec   .            (no cloak)
rCorr   .            x - +1 pair of gloves {Dex+3}
SInv    .            (no boots)
Will    .....        n - amulet of faith Stlth
                     r - +5 ring of evasion
HPRegen 0.35/turn    u - ring of poison resistance
MPRegen 0.11/turn

%: faith
@: mighty, studying Staves, invisible
A: horns 2, retaliatory headbutt
a: Renounce Religion, Heroism, Finesse, Duel


You were on level 9 of the Dungeon.
You worshipped Okawaru.
Okawaru was extremely pleased with you.
You visited 2 branches of the dungeon, and saw 10 of its levels.

You collected 477 gold pieces.

Inventory:

Hand Weapons
 p - a +1 heavy trident (weapon)
 E - a +0 halberd
Missiles
 a - 7 poisoned darts
 y - an atropa-tipped dart
 D - 3 silver javelins
Armour
 b - a +0 robe
 d - an orb of light
 j - a +0 scale mail (worn)
 k - a +0 buckler (worn)
 w - the +0 hat of Indomitability (worn) {rPois rN+}
   (You acquired it on level 7 of the Dungeon)

   rPois:     It protects you from poison rN+: It protects you from negative
   energy.
 x - a +1 pair of gloves of dexterity (worn)
Jewellery
 l - a ring of fire
 n - an amulet of faith (around neck)
 r - a +5 ring of evasion (left hand)
 u - a ring of poison resistance (right hand)
 A - a ring of protection from fire
Wands
 q - a wand of roots (9)
 t - a wand of quicksilver (9)
 v - a wand of mindburst (5)
Scrolls
 f - 3 scrolls of teleportation
 g - a scroll of vulnerability
 h - 5 scrolls of identify
 i - 2 scrolls of brand weapon
 F - a scroll of fog {unknown}
Potions
 c - a potion of ambrosia
 e - 3 potions of degeneration
 m - a potion of might
 o - a potion of invisibility
 s - 2 potions of attraction
 z - a potion of mutation {unknown}
 C - a potion of enlightenment


   Skills:
 - Level 10.8 Fighting
 + Level 14.1 Polearms
 - Level 8.4 Throwing
 - Level 3.2 Dodging


You had 9 spell levels left.
You didn't know any spells.
Your spell library contained the following spells:

 Spells                   Type           Power      Damage    Failure   Level
 Freeze                   Ice            0%         1d3       88%         1
 Ensorcelled Hibernation  Hex/Ice        0%         N/A       95%         2
 Jinxbite                 Hex            0%         N/A       95%         2
 Static Discharge         Conj/Air       0%         3-3/arc   95%         2
 Airstrike                Air            0%         2d(0-16)  100%        4
 Anguish                  Hex/Necr       0%         N/A       100%        4
 Summon Lightning Spire   Summ/Air       Unusable   N/A       N/A         4

Dungeon Overview and Level Annotations

Branches:
Dungeon (9/15)             Temple (1/1) D:4
   Lair: D:8-11         Orc: D:9-12

Altars:
Ashenzari
Cheibriados
Dithmenos
Elyvilon
Fedhas
Gozag
Hepliaklqana
Kikubaaqudgha
Makhleb
Nemelex Xobeh
Okawaru
Qazlal
Ru
Sif Muna
Trog
Uskayaw
Vehumet
Wu Jian
Xom
Yredelemnul
Zin
The Shining One

Shops:
D:1 =   D:9 !

Annotations:
D:8 2 transporters, Stellion's ghost, novice HOFi


Innate Abilities, Weirdness & Mutations

You have a pair of horns on your head.
You reflexively headbutt those who attack you in melee.


Message History

The centaur warrior hits you.
* * * LOW HITPOINT WARNING * * *
The centaur warrior kicks you but does no damage.
You block the centaur warrior's attack. The centaur warrior closely misses you.
You hit the centaur warrior.
You headbutt the centaur warrior, but do no damage.
The centaur warrior is lightly wounded.
The centaur warrior hits you but does no damage.
The centaur warrior kicks you but does no damage.
You barely miss the centaur warrior. You headbutt the centaur warrior.
The centaur warrior is lightly wounded.
The centaur warrior misses you.
The centaur warrior kicks you but does no damage.
You closely miss the centaur warrior.
Your headbutt misses the centaur warrior.
The centaur warrior is lightly wounded.
The centaur warrior misses you. The centaur warrior kicks you.
* * * LOW HITPOINT WARNING * * *
The centaur warrior hits you!
* * * LOW HITPOINT WARNING * * *
The centaur warrior kicks you.
* * * LOW HITPOINT WARNING * * *
Okay, then.
As you read the scroll of fear, it crumbles to dust.
You assume a fearsome visage.
The centaur warrior looks frightened!
Okay, then.
You fade into invisibility!
You feel very mighty all of a sudden.
The centaur warrior tries to recover its lost courage.
Found a murky clear potion.
A centaur warrior is nearby!
The centaur warrior hits you!
* * * LOW HITPOINT WARNING * * *
The centaur warrior closely misses you.
You puncture the centaur warrior!
The centaur warrior is moderately wounded.
You block the centaur warrior's attack.
The centaur warrior kicks you but does no damage.
The centaur warrior hits you!
You die...

.........# #!
.........## #.
[.......... #.
########### #. #.
#.
#c#################
#.@................
###################


You could see a centaur warrior (unable to see you).

Vanquished Creatures
  Gastronok (D:8)
  A two-headed ogre (D:8)
  Pikel (D:7)
  Jeremiah (D:7)
  Prince Ribbit (D:7)
  A shadow (D:8)
  A wraith (D:8)
  5 yaks (D:8)
  An acid dragon (D:8)
  5 water moccasins
  A black bear (D:4)
  2 orc warriors
  2 sky beasts (D:8)
  An ogre (D:5)
  An ice beast (D:7)
  3 centaurs
  A phantom (D:6)
  2 kobold brigands
  A lemure (D:7)
  2 bullfrogs
  2 scorpions
  8 wights
  5 killer bees
  4 hounds
  8 orc priests
  A gnoll bouda (D:9)
  A sleepcap (D:5)
  2 iguanas
  8 orc wizards
  4 gnolls (D:9)
  8 adders
  3 shadow imps
  3 white imps
  5 ufetubi (D:7)
  3 dart slugs
  45 orcs
  A bat (D:1)
  5 endoplasms
  A giant cockroach (D:2)
  5 goblins
  7 hobgoblins
  5 jackals
  15 kobolds
  A quokka (D:2)
  9 ball pythons
  3 frilled lizards
  7 rats
203 creatures vanquished.

Notes
Turn   | Place    | Note
-------+----------+-------------------------------------------
     0 | D:1      | Persephone the Minotaur Monk began the quest for the Orb.
     0 | D:1      | Reached XP level 1. HP: 19/19 MP: 0/0
    86 | D:1      | Reached skill level 4 in Polearms
    90 | D:1      | Reached XP level 2. HP: 19/26 MP: 1/1
   273 | D:1      | Found a faded altar of an unknown god.
   279 | D:1      | Got Plato's Catalogue of Hail
   422 | D:1      | Found Amuuhon's Jewellery Shoppe.
   788 | D:2      | Reached skill level 5 in Polearms
   788 | D:2      | Reached XP level 3. HP: 30/31 MP: 2/2
   906 | D:2      | Found a radiant altar of Vehumet.
  1366 | D:3      | Reached XP level 4. HP: 39/39 MP: 3/3
  1413 | D:3      | Reached skill level 6 in Polearms
  2282 | D:4      | Reached XP level 5. HP: 45/45 MP: 4/4
  2364 | D:4      | Reached skill level 7 in Polearms
  2515 | D:4      | Found a staircase to the Ecumenical Temple.
  2523 | Temple   | Entered the Ecumenical Temple
  2535 | Temple   | Became a worshipper of Warmaster Okawaru
  2535 | Temple   | Reached * piety under Okawaru
  2535 | Temple   | Reached ** piety under Okawaru
  2578 | D:4      | Noticed a black bear
  2584 | D:4      | Killed a black bear
  2585 | D:4      | Reached skill level 8 in Polearms
  2585 | D:4      | Reached XP level 6. HP: 51/51 MP: 5/5
  2932 | D:5      | Entered Level 5 of the Dungeon
  2954 | D:5      | Found a broken altar of Ashenzari.
  3054 | D:5      | Reached skill level 9 in Polearms
  3107 | D:5      | Found a white marble altar of Elyvilon.
  3167 | D:5      | Reached *** piety under Okawaru
  3259 | D:5      | Reached XP level 7. HP: 50/57 MP: 6/6
  3510 | D:5      | Reached skill level 10 in Polearms
  4032 | D:6      | Found a stormy altar of Qazlal.
  4204 | D:6      | Reached skill level 11 in Polearms
  4360 | D:6      | Reached **** piety under Okawaru
  4363 | D:6      | Reached XP level 8. HP: 39/64 MP: 7/7
  4660 | D:6      | Reached skill level 12 in Polearms
  4776 | D:7      | Noticed Prince Ribbit
  4783 | D:7      | Killed Prince Ribbit
  4784 | D:7      | Reached skill level 13 in Polearms
  4882 | D:7      | Noticed Pikel
  4900 | D:7      | Killed Pikel
  4901 | D:7      | Reached skill level 14 in Polearms
  4901 | D:7      | Reached skill level 1 in Throwing
  4901 | D:7      | Reached XP level 9. HP: 56/71 MP: 8/8
  5056 | D:7      | Reached skill level 5 in Fighting
  5057 | D:7      | Reached ***** piety under Okawaru
  5919 | D:7      | Noticed Jeremiah
  5951 | D:7      | Killed Jeremiah
  5952 | D:7      | Reached skill level 5 in Throwing
  6113 | D:7      | Identified a scroll of acquirement
  6113 | D:7      | Acquired the +0 hat of Indomitability {rPois rN+}
  6221 | D:8      | Noticed a two-headed ogre
  6225 | D:8      | Killed a two-headed ogre
  6225 | D:8      | Received a gift from Okawaru
  6226 | D:8      | Reached XP level 10. HP: 75/89 MP: 9/9
  6543 | D:8      | Noticed Gastronok
  6557 | D:8      | Killed Gastronok
  6558 | D:8      | Reached skill level 10 in Fighting
  6811 | D:8      | Found an ancient bone altar of Kikubaaqudgha.
  6819 | D:8      | Noticed Stellion's ghost (novice HOFi)
  6895 | D:8      | Found a transporter.
  6901 | D:8      | Found a transporter.
  7114 | D:9      | Received a gift from Okawaru
  7381 | D:9      | Found Zixaut's Distillery.
  7638 | D:9      | Noticed a centaur warrior
  7665 | D:9      | Slain by a centaur warrior

Illustrated notes

Levels and vault maps discovered:
D:1:      zaba_arrival_water, layout_rooms, shapermc_ecumenical_altar_rom_forum,
          serial_shops, shop, nicolae_houndstooth_variations
D:2:      layout_loops_cross, basic_altar, minmay_pentomino_o4
D:3:      layout_loops_ring, serial_bayou, serial_bayou_lagoon_b,
          serial_bayou_ford_a, serial_bayou_pond_a, serial_bayou_shore_a,
          chequers_arboretum
D:4:      layout_loops_ring, minmay_temple_entry_gardened_gates
D:5:      layout_gridville, mainiacjoe_overflow_large_starburst
D:6:      layout_basic, lemuel_tele_altar
D:7:      layout_gridville, serial_demonic, serial_demonic_c, serial_demonic_g,
          serial_demonic_e, serial_demonic_g, uniq_jeremiah, uniq_pikel,
          uniq_prince_ribbit1
D:8:      layout_gridville, mainiacjoe_overflow_alcove_1, gammafunk_ghost_hive,
          minmay_manual_mess, uniq_gastronok
D:9:      layout_long_grid, serial_shops, nicolae_shop_tiny_glass,
          david_defended_altar_orc
Temple:   regret_index_temple_chain_breaker

Skill      XL: |  1  2  3  4  5  6  7  8  9 10 |
---------------+-------------------------------+-----
Polearms       | 4 5 6 8 9 11 14 | 14.1
Fighting       | 4 8 10 | 10.8
Throwing       | 1 6 8 |  8.4
Dodging        | |  3.2

Action                     |  1- 3 |  4- 6 |  7- 9 | 10-12 || total
---------------------------+-------+-------+-------+-------++-------
  Melee: Spear             |    32 |       |       |       ||    32
         Headbutt          |     7 |     6 |    17 |    18 ||    48
         Trident           |    31 |    76 |   182 |   123 ||   412
  Throw: Dart              |    19 |    21 |       |       ||    40
         Boomerang         |       |    37 |    83 |    18 ||   138
 Invoke: Heroism           |       |       |     2 |     1 ||     3
         Finesse           |       |       |     1 |       ||     1
    Use: Scroll            |       |     6 |     3 |     5 ||    14
         Potion            |       |       |     2 |     3 ||     5
 Armour: Robe              |     8 |       |       |       ||     8
         Scale mail        |     8 |    19 |    88 |    75 ||   190
  Dodge: Dodged            |    17 |    35 |    93 |    87 ||   232
  Block: Buckler           |     3 |     7 |    31 |    22 ||    63

Table legend: (Time is in decaauts)
 A = Elapsed time spent in this place.
 B = Non-inter-level travel time spent in this place.
 C = Inter-level travel time spent in this place.
 D = Time resting spent in this place.
 E = Time spent auto-exploring this place.
 F = Levels seen in this place.
 G = Mean time per level.
                   A        B        C        D        E       F      G
               +--------+--------+--------+--------+--------+-----+--------+
         Total |   7791 |   7498 |    293 |    256 |   5933 |  10 |  779.1 |
       Dungeon |   7767 |   7497 |    270 |    256 |   5933 |   9 |  863.0 |
        Temple |     24 |      1 |     23 |      0 |      0 |   1 |   24.0 |
               +--------+--------+--------+--------+--------+-----+--------+

Top non-repeatable levels by time:
     D:7: 1366 daAuts
     D:6: 1030 daAuts
     D:5: 923 daAuts
     D:8: 888 daAuts
     D:3: 857 daAuts
     D:4: 775 daAuts
     D:2: 738 daAuts
     D:1: 614 daAuts
     D:9: 572 daAuts
  Temple: 24 daAuts
